[Event "*** Titled Tuesday Blitz"]
[Site "Chess.com"]
[Date "2021.04.20"]
[Round "6"]
[White "TigrVShlyape"]
[Black "Sashadav97"]
[Result "1-0"]
[WhiteElo "2824"]
[BlackElo "2620"]
[TimeControl "180+1"]
[EndTime "11:04:20 PDT"]
[Termination "TigrVShlyape won by resignation"]

1. e4 c5 2. Nf3 e6 3. d4 cxd4 4. Nxd4 Nf6 5. Nc3 Nc6 6. Ndb5 Bc5 7. Nd6+ Ke7 8. Bf4 e5 9. Nf5+ Kf8 10. Bg5 d6 11. Ne3 h6 12. Bxf6 Qxf6 13. Ncd5 Qd8 14.
c3 a6 15. a4 g6 16. g3 Kg7 17. Bg2 Be6 18. O-O Rc8 19. Kh1 Ne7 20. Nxe7 Qxe7 21. Nd5 Qd8 22. f4 exf4 23. gxf4 Re8 24. f5 Bxd5 25. Qxd5 Rc7 26. Rad1 Qg5 27. b4 Re5 28.
Qd3 Bb6 29. a5 Ba7 30. Qxd6 1-0

[Event "*** Titled Tuesday Blitz"]
[Site "Chess.com"]
[Date "2021.04.20"]
[Round "6"]
[White "FMJoseHerrera"]
[Black "dosto07"]
[Result "1-0"]
[WhiteElo "2622"]
[BlackElo "2331"]
[TimeControl "180+1"]
[EndTime "11:04:22 PDT"]
[Termination "FMJoseHerrera won by resignation"]

1. Nf3 d5 2. g3 Nf6 3. Bg2 c6 4. d3 Bg4 5. c3 Nbd7 6. O-O e6 7. Qb3 Qb6 8. Be3 Bc5 9. Bxc5 Nxc5 10. Qa3 O-O 11. Nbd2 a5 12. Rfb1 a4 13. h3 Bh5 14.
c4 Rfe8 15. Qc3 Ncd7 16. b4 axb3 17. axb3 c5 18. Rxa8 Rxa8 19. b4 d4 20. Qc1 cxb4 21.
Qb2 e5 22. Qxb4 Qxb4 23. Rxb4 Ra7 24. g4 Bg6 25. Kh2 h6 26. Kg3 Kf8 27. Rb2 Ke7 28.
c5 Ne8 29. Nc4 f6 30. Nh4 Bf7 31. Nf5+ Kd8 32. Ncd6 Nxd6 33. Nxd6 Be6 34. Nxb7+ Kc7 35. Nd6 Nxc5 36. Nb5+ Kb6 37. Nxa7+ Kxa7 38. Rb5 Nd7 39.
Bc6 Ka6 40. Rb7 Nc5 41. Rxg7 f5 42. Rg6 f4+ 43. Kg2 Bc8 44. Bd7+ Kb7 45. Bxc8+ Kxc8 46. Rc6+ 1-0

[Event "*** Titled Tuesday Blitz"]
[Site "Chess.com"]
[Date "2021.04.20"]
[Round "6"]
[White "UKR_Master"]
[Black "AnnaChessLook"]
[Result "1-0"]
[WhiteElo "2477"]
[BlackElo "2247"]
[TimeControl "180+1"]
[EndTime "11:04:22 PDT"]
[Termination "UKR_Master won by resignation"]

1. e4 c5 2. Nf3 Nc6 3. c3 e6 4.
d4 d5 5. e5 Nh6 6. Bd3 cxd4 7.
cxd4 Nf5 8. Bxf5 exf5 9. Nc3 Be6 10. O-O Be7 11. a3 Qb6 12. b4 Rg8 13. b5 Na5 14. a4 g5 15. Ba3 g4 16. Ne1 Bg5 17. Bc5 Qd8 18. Nd3 b6 19. Ba3 Rc8 20. Ne2 Nc4 21.
Bc1 Be7 22. Nef4 Qc7 23. Nh5 Kd7 24. Bf4 Rg6 25. Nf6+ Bxf6 26. exf6 Qd8 27. Rc1 Qxf6 28. Ne5+ Ke8 29. Qe2 Nxe5 30. Bxe5 Qd8 31. Qd2 Kf8 32. Rxc8 Qxc8 33. Rc1 Qd8 34. Rc3 Kg8 35. Rc6 h6 36.
Qc3 Kh7 37. Rc7 Qg5 38. g3 h5 39. Rxa7 h4 40. Ra8 Rg8 41. Rxg8 Kxg8 42. a5 bxa5 43. b6 h3 44. b7 Qd8 45. b8=Q 1-0

[Event "*** Titled Tuesday Blitz"]
[Site "Chess.com"]
[Date "2021.04.20"]
[Round "6"]
[White "FMalexhdez"]
[Black "martinique24"]
[Result "0-1"]
[WhiteElo "2233"]
[BlackElo "2472"]
[TimeControl "180+1"]
[EndTime "11:04:24 PDT"]
[Termination "martinique24 won by resignation"]

1. e4 c6 2. d4 d5 3. exd5 cxd5 4. Bd3 Nf6 5. c3 Nc6 6. Bg5 Ne4 7.
Bxe4 dxe4 8. Nd2 Bf5 9. Ne2 h6 10. Be3 Bh7 11. Ng3 f5 12. O-O e6 13. f3 exf3 14. Nxf3 Bd6 15. Qb3 f4 16. Qxb7 Ne7 17. Nh5 O-O 18. Bd2 Bg6 19. g4 fxg3 20. Nxg3 Nd5 21.
Ne5 Bxe5 22. dxe5 Rb8 23. Qxa7 Rxb2 24. Rxf8+ Qxf8 25. Rf1 Qc8 26. Bc1 Rc2 27. Qd4 Rxc3 28. Qg4 Bd3 29. Re1 Rxc1 0-1

[Event "*** Titled Tuesday Blitz"]
[Site "Chess.com"]
[Date "2021.04.20"]
[Round "6"]
[White "NONmaster99"]
[Black "LenkaPtacnikova"]
[Result "1-0"]
[WhiteElo "2311"]
[BlackElo "2165"]
[TimeControl "180+1"]
[EndTime "11:04:24 PDT"]
[Termination "NONmaster99 won by resignation"]

1. c4 c5 2. g3 Nc6 3. Bg2 e6 4.
e4 g6 5. Ne2 Bg7 6. O-O Nge7 7.
Nbc3 O-O 8. d3 a6 9. Be3 Nd4 10.
Qd2 Nec6 11. Bh6 Nxe2+ 12. Nxe2 Nd4 13. Nxd4 cxd4 14. Bxg7 Kxg7 15. b4 d6 16. a4 e5 17.
a5 Be6 18. f4 Rb8 19. Rf2 f5 20. Raf1 fxe4 21. Bxe4 Qd7 22. f5 Bxf5 23. Bxf5 Rxf5 24.
Rxf5 gxf5 25. Qg5+ Kh8 26. Rxf5 Qg7 27. Qf6 Qxf6 28. Rxf6 Rd8 29. Rf7 d5 30. c5 e4 31.
Kf2 Kg8 32. Rf4 Re8 33. Ke2 Re5 34. Rf6 Rh5 35. h4 Re5 36. Rd6 exd3+ 37. Kxd3 Re3+ 38. Kxd4 Rxg3 39. Kxd5 Rg4 40. Rb6 Rxh4 41. Rxb7 Rf4 42. c6 1-0

[Event "*** Titled Tuesday Blitz"]
[Site "Chess.com"]
[Date "2021.04.20"]
[Round "6"]
[White "dropstoneDP"]
[Black "enriquetejedor"]
[Result "1-0"]
[WhiteElo "2931"]
[BlackElo "2632"]
[TimeControl "180+1"]
[EndTime "11:04:25 PDT"]
[Termination "dropstoneDP won on time"]

1. e4 c5 2. h3 g6 3. Nf3 Bg7 4. Bc4 Nc6 5. c3 e6 6. d4 cxd4 7. cxd4 d5 8. exd5 exd5 9. Bb3 Nge7 10. O-O O-O 11. Nc3 Nf5 12. Bg5 Qa5 13. Nxd5 h6 14.
Bf6 Be6 15. Bxg7 Kxg7 16. Ne3 Bxb3 17. axb3 Qb5 18. d5 Nce7 19. Nd4 Qd7 20. Qg4 Rfd8 21.
Nexf5+ Nxf5 22. Nxf5+ Qxf5 23. Qxf5 gxf5 24. Rfd1 a6 25. Rd3 Rac8 26. Ra4 Rc1+ 27. Kh2 Rc2 28. Rf4 Rxb2 29. Rxf5 Rd6 30. Rg3+ Rg6 31. Rgf3 f6 32. Rd3 Rg5 33. d6 Rxf5 34. d7 Rfxf2 35. Rg3+ Kf7 36.
d8=Q Rbd2 37. Qc7+ Ke6 38. Qxb7 Ra2 39. Qc6+ Ke7 40.
Re3+ Kf8 41. Qe8+ 1-0

[Event "*** Titled Tuesday Blitz"]
[Site "Chess.com"]
[Date "2021.04.20"]
[Round "6"]
[White "Andreikka"]
[Black "frederiksvane"]
[Result "1/2-1/2"]
[WhiteElo "2869"]
[BlackElo "2759"]
[TimeControl "180+1"]
[EndTime "11:04:26 PDT"]
[Termination "Game drawn by repetition"]

1. d4 Nf6 2. Nc3 d5 3. Bf4 g6 4. e3 Bg7 5. h4 c6 6. Be2 h5 7.
Nf3 Nbd7 8. Ne5 Nxe5 9. Bxe5 Kf8 10.
Bd3 Ng4 11. Bxg7+ Kxg7 12. Qd2 e5 13. f3 exd4 14. exd4 Re8+ 15. Ne2 Ne3 16. Kf2 Bf5 17. Bxf5 Nxf5 18. Ng3 Nxg3 19. Kxg3 Qd6+ 20. Kf2 Re6 21.
Rae1 Rae8 22. c3 Qe7 23. Rxe6 Qxe6 24. a4 a5 25. b4 b6 26. bxa5 bxa5 27. Rb1 Qe7 28.
Kg3 Qa3 29. Rb7 Re7 30. Rxe7 Qxe7 31. Qc1 Qe2 32. Kh2 Qc4 33. Qe3 Qxa4 34. Qe5+ Kg8 35.
Qe8+ Kg7 36. Qe5+ Kh7 37. Qe7 Kg8 38. Qe8+ Kg7 39. Qe5+ 1/2-1/2

[Event "*** Titled Tuesday Blitz"]
[Site "Chess.com"]
[Date "2021.04.20"]
[Round "6"]
[White "fyall777"]
[Black "szachuspl"]
[Result "1-0"]
[WhiteElo "2333"]
[BlackElo "2525"]
[TimeControl "180+1"]
[EndTime "11:04:26 PDT"]
[Termination "fyall777 won by resignation"]

1. e4 c5 2. Nf3 e6 3. d4 cxd4 4. Nxd4 Nf6 5. Bd3 Nc6 6. Nxc6 bxc6 7. O-O d5 8. Nd2 Be7 9. c4 O-O 10. Qc2 h6 11. b3 Bb7 12. Bb2 d4 13. c5 e5 14. b4 Nh5 15. Rfe1 Bg5 16. Nc4 Qf6 17. Nd6 Bc8 18. Nxc8 Raxc8 19. g3 Qg6 20. Kh1 Be7 21. a4 a6 22. Qe2 Rb8 23. Ba3 a5 24. b5 Nf6 25. Rab1 h5 26. bxc6 h4 27. Rxb8 Rxb8 28.
Bb5 Rc8 29. Qf3 Qh6 30. Qf5 Rc7 31. Qxe5 Bd8 32. Qf4 g5 33. Qf5 g4 34. e5 Qd2 35.
Rg1 hxg3 36. exf6 Qxf2 37. Qxg4+ 1-0

[Event "*** Titled Tuesday Blitz"]
[Site "Chess.com"]
[Date "2021.04.20"]
[Round "6"]
[White "volunteers1998"]
[Black "chessbia"]
[Result "1-0"]
[WhiteElo "2192"]
[BlackElo "2311"]
[TimeControl "180+1"]
[EndTime "11:04:26 PDT"]
[Termination "volunteers1998 won by resignation"]

1. e4 e5 2. Nc3 Nc6 3. Bc4 Nf6 4. d3 Bc5 5. f4 d6 6. Nf3 Bg4 7. Na4 Bb6 8. Nxb6 axb6 9. c3 O-O 10.
O-O d5 11. exd5 Nxd5 12. h3 Bxf3 13. Qxf3 Nxf4 14. Bxf4 exf4 15. Qxf4 Qd7 16. d4 Nd8 17. Rae1 b5 18. Bb3 h6 19. a3 b6 20. Rf2 c5 21.
Rfe2 cxd4 22. Re7 Qc6 23. cxd4 b4 24. axb4 Qg6 25. Qe5 Nc6 26. Qf4 Nxe7 27. Rxe7 Ra1+ 28. Kh2 Rb1 29. Re2 Kh7 30. Bc2 f5 31. Bxb1 Rd8 1-0

[Event "*** Titled Tuesday Blitz"]
[Site "Chess.com"]
[Date "2021.04.20"]
[Round "6"]
[White "ChessQueen"]
[Black "Flopezin"]
[Result "1-0"]
[WhiteElo "2696"]
[BlackElo "2341"]
[TimeControl "180+1"]
[EndTime "11:04:27 PDT"]
[Termination "ChessQueen won by resignation"]

1. e4 e5 2. Nf3 Nc6 3. Bb5 a6 4. Ba4 Nf6 5. d4 exd4 6. O-O Nxe4 7. Re1 d5 8. Nxd4 Bc5 9. Nxc6 Bxf2+ 10. Kf1 Qf6 11.
Rxe4+ dxe4 12. Qd8+ Qxd8 13. Nxd8+ Kxd8 14. Kxf2 Bf5 15. Nc3 c6 16. Bb3 Ke7 17. Be3 Rhd8 18. Bc5+ Kf6 19. Re1 Re8 20. Ne2 Rad8 21. Ke3 g5 22. Rf1 Ke5 23. Bb6 Rd7 24. Bd4+ Rxd4 25. Nxd4 Bg6 26. g4 Rd8 27. Nf5 1-0

[Event "*** Titled Tuesday Blitz"]
[Site "Chess.com"]
[Date "2021.04.20"]
[Round "6"]
[White "barbara25"]
[Black "shnitez"]
[Result "0-1"]
[WhiteElo "2313"]
[BlackElo "2511"]
[TimeControl "180+1"]
[EndTime "11:04:27 PDT"]
[Termination "shnitez won by resignation"]

1. e4 c5 2. Nf3 e6 3. g3 b6 4. Bg2 Bb7 5. d3 d6 6. O-O Nf6 7. Re1 Be7 8. c3 Nc6 9. Nbd2 O-O 10. Nf1 b5 11. h3 b4 12. g4 a5 13. Ng3 a4 14. d4 a3 15. cxb4 axb2 16. Bxb2 Nxb4 17.
dxc5 dxc5 18. g5 Nd7 19. Nh5 g6 20. Nf6+ Nxf6 21. gxf6 Bxf6 22. Qxd8 Bxd8 23. Rec1 Nd3 24. Rc2 Nxb2 25. Rxb2 Bxe4 26. Rc1 Be7 27. Ne5 Bxg2 28. Kxg2 Bf6 29. Re2 Bxe5 30. Rxe5 Rxa2 31. Rcxc5 Ra7 32. Re3 Kg7 33. h4 Rd8 34. h5 Rd5 35. Rxd5 exd5 36. hxg6 hxg6 37. Rd3 Rd7 38. Rd4 Kf6 39. Kf3 Ke5 40. Ke3 g5 41. Ra4 Rb7 42. Ra3 f5 43.
f3 Rc7 44. Rb3 d4+ 45. Kf2 Kf4 46. Rd3 Rc2+ 47. Kf1 Rc3 0-1

[Event "*** Titled Tuesday Blitz"]
[Site "Chess.com"]
[Date "2021.04.20"]
[Round "6"]
[White "ChelsieMonica"]
[Black "MVM2008"]
[Result "0-1"]
[WhiteElo "2390"]
[BlackElo "2173"]
[TimeControl "180+1"]
[EndTime "11:04:27 PDT"]
[Termination "MVM2008 won by resignation"]

1. Nf3 Nc6 2. g3 d5 3. Bg2 e6 4. d3 Nf6 5. O-O Be7 6. c4 O-O 7. cxd5 exd5 8. Nc3 h6 9. h3 Be6 10. d4 a6 11. Bf4 Bd6 12. Bxd6 Qxd6 13. Rc1 Na5 14.
b3 b6 15. Ne5 c5 16. e4 dxe4 17. Nxe4 Nxe4 18. Bxe4 Rad8 19. Nf3 cxd4 20. h4 Bg4 21.
Qd3 f5 22. Nd2 fxe4 23. Qxe4 Bf5 24. Qe2 d3 25. Qf3 Bh3 26. Qh5 Bxf1 27. Rxf1 Qd5 28. Qg6 Rd6 29. Qg4 Nc6 30. Nc4 Ne5 31. Nxe5 Qxe5 32. Qc4+ Qd5 33. Qxa6 d2 34. Rd1 Re8 0-1

[Event "*** Titled Tuesday Blitz"]
[Site "Chess.com"]
[Date "2021.04.20"]
[Round "6"]
[White "supertfc"]
[Black "canary2016"]
[Result "1-0"]
[WhiteElo "2360"]
[BlackElo "2022"]
[TimeControl "180+1"]
[EndTime "11:04:29 PDT"]
[Termination "supertfc won by checkmate"]

1. e4 c5 2. Nf3 d6 3. d4 cxd4 4. Nxd4 Nf6 5. Nc3 a6 6. Be2 e5 7. Nf3 Be7 8. Bg5 O-O 9. Bxf6 Bxf6 10. a4 Be6 11. Nd5 Be7 12. Bc4 Nc6 13. O-O Rc8 14. c3 Na5 15. Ba2 Bxd5 16. Bxd5 b6 17. Qd3 Qc7 18. Qxa6 Qc5 19. b4 Qxc3 20. bxa5 bxa5 21.
h3 Qc7 22. Qb7 Qxb7 23. Bxb7 Rc4 24. Rfc1 Rb4 25. Rc7 Bf6 26. Bd5 g6 27. Rac1 Rxa4 28. Rxf7 Rxf7 29. Rc7 Ra1+ 30. Kh2 Rd1 31. Bxf7+ Kf8 32.
Bd5 Bd8 33. Rxh7 a4 34. Ra7 Bb6 35. Rxa4 Bxf2 36. h4 Rb1 37. Rc4 Be3 38. Rc7 Bf4+ 39. Kh3 Rh1+ 40. Kg4 Rb1 41. Ng5 Rb2 42. Ne6+ Ke8 43. Bc6# 1-0

[Event "*** Titled Tuesday Blitz"]
[Site "Chess.com"]
[Date "2021.04.20"]
[Round "6"]
[White "RobertoJBM"]
[Black "eldur16"]
[Result "1/2-1/2"]
[WhiteElo "2727"]
[BlackElo "2599"]
[TimeControl "180+1"]
[EndTime "11:04:30 PDT"]
[Termination "Game drawn by repetition"]

1. d4 Nf6 2. c4 g6 3. Nc3 Bg7 4. e4 d6 5. f3 O-O 6. Be3 e5 7. d5 c6 8. Qd2 cxd5 9. cxd5 Na6 10. O-O-O Nc5 11. Kb1 Bd7 12. Rc1 a5 13. Bb5 Qb6 14.
Bxd7 Nfxd7 15. Nh3 Qa6 16. Qe2 Qxe2 17. Nxe2 b5 18.
Nf2 f5 19. Nc3 Rfb8 20. Rhd1 b4 21. Ne2 a4 22. Bxc5 Nxc5 23. Rc4 Rb6 24. Nd3 Nxd3 25. Rxd3 Bh6 26. Ng3 Bf4 27. exf5 Bxg3 28. hxg3 gxf5 29.
g4 f4 30. Rc6 Raa6 31. Rc7 Ra5 32. Rd1 Rbb5 33. Rh1 Rxd5 34. Rhxh7 b3 35. Rhg7+ Kf8 36.
Rgf7+ Kg8 37. Rg7+ Kf8 38. Rgf7+ Kg8 39. Rg7+ 1/2-1/2

[Event "*** Titled Tuesday Blitz"]
[Site "Chess.com"]
[Date "2021.04.20"]
[Round "6"]
[White "PotapovaM"]
[Black "northridgehawk"]
[Result "0-1"]
[WhiteElo "2483"]
[BlackElo "2322"]
[TimeControl "180+1"]
[EndTime "11:04:35 PDT"]
[Termination "northridgehawk won by checkmate"]

1. d4 f5 2. e4 fxe4 3. Nc3 Nf6 4. Bg5 e6 5. f3 exf3 6. Nxf3 Be7 7. Bd3 b6 8. Qe2 Bb7 9. O-O-O O-O 10. Kb1 Nc6 11.
Rhe1 Nb4 12. Bc4 Nbd5 13. Nxd5 Nxd5 14. Bc1 Bf6 15. g3 a5 16. Bd3 a4 17. a3 Be7 18.
Ka1 Nc3 19. bxc3 Bxf3 20. Qe3 Bxd1 21. Rxd1 Bd6 22. Qe4 g6 23. Bh6 Rf7 24. h4 Bf8 25. Bg5 Be7 26. Bh6 Ra5 27. c4 Bxa3 28. c5 Rxc5 29.
Bg5 Rxg5 30. hxg5 Qxg5 31. Rh1 Qa5 32. Ka2 Qc3 33. Rb1 Bf8 34. d5 Qa3# 0-1

[Event "*** Titled Tuesday Blitz"]
[Site "Chess.com"]
[Date "2021.04.20"]
[Round "6"]
[White "TimKett"]
[Black "Rondo_Capriccioso"]
[Result "1-0"]
[WhiteElo "2255"]
[BlackElo "2410"]
[TimeControl "180+1"]
[EndTime "11:04:35 PDT"]
[Termination "TimKett won by resignation"]

1. e4 e5 2. f4 d5 3. exd5 e4 4.
d3 Qxd5 5. Nc3 Bb4 6. Bd2 Bxc3 7. Bxc3 Nf6 8. dxe4 Qxe4+ 9. Qe2 Bf5 10. O-O-O O-O 11.
Bxf6 gxf6 12. Qxe4 Bxe4 13. Nf3 Nc6 14. Bd3 Rfe8 15.
Rhe1 Bxf3 16. gxf3 Rad8 17. Rxe8+ Rxe8 18. Bb5 Re3 19. Bxc6 bxc6 20. Rd7 Rxf3 21. Rxc7 Rxf4 22. Rxa7 Rf1+ 23.
Kd2 Rf2+ 24. Kd3 Rxh2 25. a4 h5 26. a5 Rh1 27. Rc7 Ra1 28. Rxc6 Kg7 29. b4 h4 30. Rc4 h3 31. Rh4 Rh1 32. a6 h2 33. b5 Rb1 34. a7 Ra1 35. b6 Ra3+ 36. Kd2 f5 37. b7 1-0

[Event "*** Titled Tuesday Blitz"]
[Site "Chess.com"]
[Date "2021.04.20"]
[Round "6"]
[White "Piotrek1979"]
[Black "Witik"]
[Result "0-1"]
[WhiteElo "2416"]
[BlackElo "2685"]
[TimeControl "180+1"]
[EndTime "11:04:39 PDT"]
[Termination "Witik won by resignation"]

1. Nf3 d5 2. b3 Bg4 3. Bb2 Nd7 4.
g3 Bxf3 5. exf3 Ngf6 6. f4 g6 7. Bg2 c6 8. O-O Bg7 9. d3 O-O 10. Nd2 a5 11. a4 Ne8 12. Bxg7 Nxg7 13. Nf3 e6 14. Re1 Qb6 15. Qd2 Nf5 16. Re2 Nd4 17. Nxd4 Qxd4 18. Rae1 Nc5 19. h4 b5 20. axb5 cxb5 21.
h5 Kg7 22. Bf3 Rfc8 23. Kg2 a4 24. hxg6 hxg6 25. b4 Nd7 26. f5 exf5 27. Re7 Nf6 28. Qg5 Rxc2 29. R1e2 Rxe2 30. Bxe2 a3 31. Bh5 Nxh5 0-1

[Event "*** Titled Tuesday Blitz"]
[Site "Chess.com"]
[Date "2021.04.20"]
[Round "6"]
[White "Leo_C"]
[Black "SilviusTiberius"]
[Result "0-1"]
[WhiteElo "2424"]
[BlackElo "2578"]
[TimeControl "180+1"]
[EndTime "11:04:39 PDT"]
[Termination "SilviusTiberius won by resignation"]

1. d4 Nf6 2. c4 e6 3. Nc3 d5 4.
cxd5 exd5 5. Bg5 c6 6. e3 h6 7. Bh4 Be7 8. Qc2 O-O 9. Bd3 Re8 10. Nf3 Ne4 11. Bxe4 Bxh4 12. Bh7+ Kh8 13. Nxh4 Qxh4 14. Bd3 Rxe3+ 15. Kf1 Re8 16. h3 Qxd4 17. Rc1 Nd7 18.
g3 Ne5 19. Be2 g6 20. Kg2 Bf5 21. Qd1 Qxd1 22. Rcxd1 Rad8 23. f4 Nd7 24. Bf3 Nc5 25. g4 Be4 26. b4 Bxf3+ 27. Kxf3 Ne4 28. Ne2 Kg7 29. Nd4 Rd7 30. Rh2 Rde7 31. Rc1 Nd6 32. Rc3 Re4 33. Rd2 Nc4 34. Rdd3 Kf6 35. h4 g5 36. fxg5+ hxg5 37. b5 Ne5+ 38. Kg3 Nxd3 39. Rxd3 Re3+ 40. Rxe3 Rxe3+ 41. Kf2 Rd3 42. hxg5+ Kxg5 43. Nf3+ Rxf3+ 44. Kxf3 cxb5 45. a3 a5 0-1

[Event "*** Titled Tuesday Blitz"]
[Site "Chess.com"]
[Date "2021.04.20"]
[Round "6"]
[White "Irishchessman16"]
[Black "IANOV0007"]
[Result "0-1"]
[WhiteElo "2271"]
[BlackElo "2461"]
[TimeControl "180+1"]
[EndTime "11:04:39 PDT"]
[Termination "IANOV0007 won by resignation"]

1. d4 d6 2. Nf3 Bg4 3. g3 Bxf3 4. exf3 e6 5. Bg2 c6 6. O-O g6 7. c4 Bg7 8. d5 cxd5 9. cxd5 e5 10. f4 Nd7 11. fxe5 Nxe5 12. f4 Nd7 13. Re1+ Ne7 14.
Qe2 Bf6 15. Nc3 O-O 16. Ne4 Nxd5 17. Rd1 N7b6 18. a4 a5 19. Qb5 Bg7 20. Rxd5 Nxd5 21. Qxd5 Qb6+ 22. Kh1 Rad8 23. Ra3 Qb4 24. Nc3 Rfe8 25.
Qd2 d5 26. h3 d4 27. Nd5 Qc5 28. Kh2 Rxd5 29. Bxd5 Qxd5 30. Qg2 Qc5 31. Rd3 0-1

[Event "*** Titled Tuesday Blitz"]
[Site "Chess.com"]
[Date "2021.04.20"]
[Round "6"]
[White "MalyDominator"]
[Black "secretsuperstar7"]
[Result "1-0"]
[WhiteElo "2454"]
[BlackElo "2241"]
[TimeControl "180+1"]
[EndTime "11:04:40 PDT"]
[Termination "MalyDominator won on time"]

1. e4 c5 2. Nf3 d6 3. d4 cxd4 4. Nxd4 Nf6 5. Nc3 Nc6 6. Bg5 e6 7. Qd2 a6 8. O-O-O Bd7 9. f4 Qc7 10. Kb1 b5 11. Bxf6 gxf6 12. Nce2 Rc8 13. h4 Rg8 14.
Rh3 Na5 15. b3 Nc6 16. Re3 Rd8 17. Nxc6 Bxc6 18. Nd4 Bb7 19. g3 d5 20. exd5 Bxd5 21.
Qe1 Bc5 22. c3 Qb6 23. Re2 Bxd4 24. Rxd4 Kf8 25. Kb2 Qc5 26. Bg2 Qc6 27. Qd2 Kg7 28. Bxd5 exd5 29. g4 Rge8 30. Rg2 1-0

[Event "*** Titled Tuesday Blitz"]
[Site "Chess.com"]
[Date "2021.04.20"]
[Round "6"]
[White "GadimbayliA"]
[Black "Iball95"]
[Result "1-0"]
[WhiteElo "2759"]
[BlackElo "2609"]
[TimeControl "180+1"]
[EndTime "11:04:41 PDT"]
[Termination "GadimbayliA won on time"]

1. e4 c5 2. Nf3 Nc6 3. Bb5 Nf6 4. e5 Nd5 5. Nc3 Nc7 6. Bxc6 dxc6 7. h3 Bf5 8. d3 e6 9. O-O Be7 10. Ne2 O-O 11.
b3 a5 12. a4 Nd5 13. Bb2 h6 14. Ng3 Bg6 15. Re1 Qc7 16. Ne4 Rad8 17. Nh2 Nb4 18.
Qc1 b5 19. Ng4 Kh7 20. Nef6+ Kh8 21. axb5 cxb5 22. Nxh6 gxf6 23. Nf5 Rg8 24. Qh6+ Bh7 25. exf6 Bf8 26. Ng7 Nxc2 27. Re4 Qd7 28. Rd1 Qd5 29. Rh4 Qf5 30. Qc1 Qg6 31. Rh6 Qxd3 32. Rxd3 Rxd3 33. Qxc2 1-0

[Event "*** Titled Tuesday Blitz"]
[Site "Chess.com"]
[Date "2021.04.20"]
[Round "6"]
[White "juancruzarias"]
[Black "Taktikmonster"]
[Result "1-0"]
[WhiteElo "2574"]
[BlackElo "2416"]
[TimeControl "180+1"]
[EndTime "11:04:43 PDT"]
[Termination "juancruzarias won on time"]

1. d4 Nf6 2. Nf3 e6 3. e3 c5 4. Bd3 b6 5. O-O Bb7 6. c4 Be7 7. Nc3 O-O 8. d5 exd5 9. cxd5 d6 10. e4 Nbd7 11. h3 a6 12. a4 Re8 13. Re1 Bf8 14.
Bf4 Ne5 15. Nxe5 dxe5 16. Be3 Bd6 17. Nb1 g6 18. Na3 Nh5 19. Nc4 Bc8 20. Bf1 Qc7 21.
Qb3 Rb8 22. Rac1 Nf6 23. Qc2 Nd7 24. b3 Nf8 25. Nxd6 Qxd6 26. a5 bxa5 27. Bxc5 Qc7 28. Qa2 Qb7 29. Bc4 Bd7 30. Qd2 Bb5 31. Qh6 Nd7 32. Be3 a4 33. bxa4 Bxa4 34. Bg5 Bb5 35.
Ba2 Rec8 36. Rb1 Qb6 37. Be7 Qd4 38. d6 Rc6 39. Bxf7+ Kxf7 40. Qxh7+ Ke8 41. Qg8+ Nf8 42. Qxf8+ Kd7 43. Qxb8 Rc2 44. Bh4 1-0

[Event "*** Titled Tuesday Blitz"]
[Site "Chess.com"]
[Date "2021.04.20"]
[Round "6"]
[White "TimofeevAr"]
[Black "pifion"]
[Result "1-0"]
[WhiteElo "2821"]
[BlackElo "2553"]
[TimeControl "180+1"]
[EndTime "11:04:47 PDT"]
[Termination "TimofeevAr won by resignation"]

1. c4 e6 2. b3 Nf6 3. Bb2 b6 4. d3 Bb7 5. e4 d6 6. f4 c5 7. Nf3 Nc6 8. Be2 Be7 9. O-O O-O 10.
Nbd2 d5 11. Bxf6 Bxf6 12. e5 Be7 13. Kh1 f6 14. cxd5 Qxd5 15. d4 Nxd4 16. Bc4 Qd7 17. Nxd4 cxd4 18. f5 Bd5 19. Qg4 Bxc4 20. Nxc4 exf5 21.
Rxf5 Rad8 22. Raf1 d3 23. h3 g6 24. exf6 Bc5 25.
f7+ Kg7 26. Qg5 Qe7 27. Rf6 d2 28. Nxd2 Be3 29. Rxg6+ 1-0

[Event "*** Titled Tuesday Blitz"]
[Site "Chess.com"]
[Date "2021.04.20"]
[Round "6"]
[White "OriTaichman"]
[Black "quizden37"]
[Result "0-1"]
[WhiteElo "2548"]
[BlackElo "2804"]
[TimeControl "180+1"]
[EndTime "11:04:47 PDT"]
[Termination "quizden37 won by resignation"]

1. e4 c5 2. Nf3 e6 3. b3 d6 4. d4 cxd4 5. Nxd4 Nf6 6. Bd3 Be7 7. O-O O-O 8. c4 Nbd7 9. Bb2 a6 10. Nd2 Qc7 11.
Qe2 b6 12. f4 Bb7 13. Rae1 Rad8 14. Bb1 b5 15. cxb5 axb5 16. Nxb5 Qb6+ 17. Bd4 Qa6 18. Bd3 Qa8 19. e5 dxe5 20. fxe5 Nxe5 21. Qxe5 Bxg2 22. Rf2 Bc6 23. Ne4 Rd5 24. Nxf6+ Bxf6 25. Bxh7+ Kxh7 26. Qe4+ Rf5 27. Qc2 Kg8 28. Rxf5 exf5 29. Bxf6 Bxb5 30. Qxf5 Qa7+ 31. Kg2 Bc6+ 32. Kg3 Qxa2 33.
Qg5 Qg2+ 34. Kh4 Qf2+ 35. Kh3 Bd7+ 0-1

[Event "*** Titled Tuesday Blitz"]
[Site "Chess.com"]
[Date "2021.04.20"]
[Round "6"]
[White "dpopadic"]
[Black "Sergey85Rodchenkov"]
[Result "0-1"]
[WhiteElo "2376"]
[BlackElo "2509"]
[TimeControl "180+1"]
[EndTime "11:04:47 PDT"]
[Termination "Sergey85Rodchenkov won on time"]

1. e4 c5 2. Nc3 e6 3. d3 d5 4. g4 Nc6 5. Bg2 d4 6. Nce2 h5 7. g5 g6 8. Nh3 Bg7 9. O-O Nge7 10. f4 b5 11. Bd2 a5 12. Qe1 a4 13. a3 O-O 14. Qh4 Ra7 15. Ng3 c4 16. f5 exf5 17.
exf5 Bxf5 18. Nxf5 gxf5 19. Qxh5 Ne5 20. Bb4 N5g6 21.
Rae1 Re8 22. Qe2 Rc7 23. Nf4 Rc8 24. Nh5 Qb6 25. Nf6+ Bxf6 26. gxf6 Qxf6 27. Bh3 Kg7 28. Bg2 Qg5 29. Kh1 f4 30. Rg1 Qf6 31. Bf3 Nf5 32.
Qxe8 Rxe8 33. Rxe8 Ne3 34. Be4 Qh4 35. Bf8+ Kf6 0-1

[Event "*** Titled Tuesday Blitz"]
[Site "Chess.com"]
[Date "2021.04.20"]
[Round "6"]
[White "volkanyirik"]
[Black "esrosenberg"]
[Result "1-0"]
[WhiteElo "2404"]
[BlackElo "2204"]
[TimeControl "180+1"]
[EndTime "11:04:48 PDT"]
[Termination "volkanyirik won on time"]

1. e4 e5 2. Nc3 Nf6 3. Nf3 Nc6 4. d4 Bb4 5. Nxe5 O-O 6. Nxc6 bxc6 7. e5 Ne4 8. Qd3 d5 9. exd6 cxd6 10. Be2 Bf5 11. Qf3 Qd7 12. O-O d5 13. Nxe4 Bxe4 14. Qg3 Bxc2 15. Bf4 Rfe8 16. Bg4 Bf5 17. Bf3 Bg6 18.
h4 Kh8 19. h5 Be4 20. h6 Rg8 21. hxg7+ Rxg7 22. Be5 Rg8 23. Bxe4 dxe4 24. Rad1 Bd6 25. Bxd6 Rxg3 26. Bxg3 f6 27. Rfe1 Qf5 28. Re3 h5 29.
Rde1 Rg4 30. Bh2 Qg6 31. Rg3 f5 32. Kh1 f4 33. Rxg4 Qxg4 34. Rxe4 Qd1+ 35. Bg1 f3 36. Re8+ Kg7 37. Re3 fxg2+ 38. Kxg2 Qxd4 39. Rg3+ Kh7 40.
f3 Qxb2+ 41. Bf2 Qxa2 42. Rg5 h4 43. Rh5+ Kg6 44. Rxh4 c5 45. Rg4+ Kf5 46. Rh4 c4 47.
Rh5+ Kg6 48. Rc5 Qe2 49. Rc6+ Kf5 50. Rc7 a5 51. Rc5+ 1-0

[Event "*** Titled Tuesday Blitz"]
[Site "Chess.com"]
[Date "2021.04.20"]
[Round "6"]
[White "crescentmoon2411"]
[Black "OlegKrivonosov"]
[Result "1/2-1/2"]
[WhiteElo "2817"]
[BlackElo "2631"]
[TimeControl "180+1"]
[EndTime "11:04:49 PDT"]
[Termination "Game drawn by repetition"]

1. e4 e5 2. Nf3 Nc6 3. Bc4 Bc5 4. d3 d6 5. c3 Nf6 6. b4 Bb6 7. a4 a6 8. O-O h6 9. Na3 O-O 10. Qb3 Qe7 11. Nc2 Be6 12. Be3 Bxc4 13. Qxc4 Bxe3 14.
Nxe3 Qe6 15. Nd5 Rac8 16. Nd2 Ne7 17. Nxf6+ Qxf6 18. d4 Ng6 19. g3 c6 20. Qd3 d5 21.
f4 exf4 22. e5 Qg5 23. Rf2 fxg3 24. Qxg3 Qxg3+ 25. hxg3 f6 26. exf6 Rxf6 27. Rxf6 gxf6 28. a5 Nf8 29. Nb3 Ne6 30. Re1 Kf7 31. Kf2 Rg8 32. Rh1 Kg6 33. Re1 Kf7 34. Rh1 Kg6 35. Re1 Kf7 1/2-1/2